Cogmind - Beta 15 @@@ ROGUE MODE // 2025.10.09 @ 03:49:39 Player: NQH Result: Destroyed by Y-45 Defender with Beam Rifle Performance ------------- Evolutions (1) 500 Regions Visited (2) 400 Robots Destroyed (23) 115 Value Destroyed (529) 529 Prototype IDs (0) 0 Alien Tech Used (0) 0 Bonus (200) 200 TOTAL SCORE: 1744 Bonus ------- Pacifist 200 Cogmind --------- Core Integrity 0/400 Matter 278/300 Energy 125/125 System Corruption 0% Temperature Cool (9) Movement Treading (160) Location -9/Materials Parts ------- > --- POWER (2) -------- Light Ion Engine > --- PROPULSION (2) --- Light Treads > --- UTILITY (3) ------ Small Storage Unit Light Armor Plating System Shield > --- WEAPON (2) ------- Light Assault Rifle Mace > --- INVENTORY (8) ---- Hacking Suite Hacking Suite Hacking Suite Hacking Suite System Shield System Shield System Shield Improved Datajack Peak State ------------ > --- POWER ------------ (None) > --- PROPULSION ------- Improved Hover Unit Flight Unit > --- UTILITY ---------- Visual Processing Unit Terrain Scan Processor Terrain Scan Processor > --- WEAPON ----------- Beam Rifle Heavy Assault Rifle > --- INVENTORY -------- Hacking Suite Hacking Suite Hacking Suite Improved Datajack Improved Datajack [Rating: 14] Favorites ----------- Power Light Ion Engine Engine Light Ion Engine Power Core Light Nuclear Core Propulsion Backup Propulsion I Treads Light Treads Leg Aluminum Leg Hover Unit Backup Propulsion I Flight Unit Flight Unit Utility Terrain Scan Processor Device Shield Generator Storage Small Storage Unit Processor Terrain Scan Processor Hackware System Shield Protection Backup Plating I Weapon Backup Laser I Energy Gun Backup Laser I Ballistic Gun Light Assault Rifle Impact Weapon Mace Special Melee Weapon Improved Datajack Build | -11 -10 -9 ------- Run | Yrd Mat Mat Slots Evolved 2 | . . 2 Power 1 | . . 1 Propulsion . | . . . Utility 1 | . . 1 Weapon . | . . . Parts Attached 32 | . . 32 Power 5 | . . 5 Engine 4 | . . 4 Core 1 | . . 1 Reactor . | . . . Propulsion 10 | . . 10 Treads 1 | . . 1 Leg 2 | . . 2 Wheel . | . . . Hover 2 | . . 2 Flight 5 | . . 5 Utility 8 | . . 8 Device 1 | . . 1 Storage 1 | . . 1 Processor 4 | . . 4 Hackware 1 | . . 1 Protection 1 | . . 1 Artifact . | . . . Weapon 9 | . . 9 Energy Gun 5 | . . 5 Energy Cannon . | . . . Ballistic Gun 2 | . . 2 Ballistic Cannon . | . . . Launcher . | . . . Special Weapon . | . . . Impact Weapon 1 | . . 1 Slashing Weapon . | . . . Piercing Weapon . | . . . Special Melee Weapon 1 | . . 1 Unidentified Prototypes . | . . . Parts Lost 8 | . . 8 Power 2 | . . 2 Propulsion 3 | . . 3 Utility . | . . . Weapon 3 | . . 3 Highest Loss Streak 3 | . . 3 To Critical Strikes . | . . . Average Backups 3 | . . 3 Power . | . . . Propulsion . | . . . Utility 2 | . . 2 Weapon . | . . . Tool/Special . | . . . Unused Backups 9 | . . 9 Power . | . . . Propulsion . | . . . Utility 7 | . . 7 Weapon . | . . . Tool/Special 2 | . . 2 Average Slot Usage (%) 70 | . . 73 Engine 9 | . . 9 Core 2 | . . 2 Treads 2 | . . 2 Leg 3 | . . 3 Hover 4 | . . 5 Flight 1 | . . 1 Device 2 | . . 2 Storage 2 | . . 2 Processor 14 | . . 14 Hackware 1 | . . 1 Protection 8 | . . 9 Energy Gun 10 | . . 10 Ballistic Gun 4 | . . 5 Special Melee Weapon 1 | . . 1 Peak Build Rating 14 | . . 14 Average Rating 9 | . . 10 On Entrance . | . . . Naked Turns 50 | . 34 16 Heaviest Build 14 | . . 14 Greatest Support 20 | 3 3 20 Greatest Overweight (x) 2 | . . 2 Average Overweight (x) . | . . . Largest Inventory Capacity 8 | 5 5 8 Average Capacity 5 | 5 5 5 Most Carried 8 | . . 8 Average Carried 3 | . . 3 Final Capacity 8 | 5 5 8 Final Carried 8 | . . 8 Class Distribution -------------------- 59% | Mutant 40% | Scavenger-Mutant Dominant Class ---------------- Mutant | -10/Materials Mutant | -9/Materials Resources | -11 -10 -9 ----------- Run | Yrd Mat Mat Matter Collected 528 | 79 . 449 Remotely . | . . . Salvage Created 794 | . . 794 Parts 59 | . . 59 Haulers Intercepted . | . . . Recyclers Shooed 2 | . . 2 Parts Field Recycled . | . . . Retrieved Matter . | . . . Parts Self-Destructed . | . . . Prevented . | . . . Kills | -11 -10 -9 ------- Run | Yrd Mat Mat Combat Hostiles Destroyed 20 | . . 20 Guns 19 | . . 19 Classes Destroyed 5 | . . 5 Builder 1 | . . 1 Recycler 2 | . . 2 Swarmer 9 | . . 9 Grunt 9 | . . 9 Sentry 2 | . . 2 Best Kill Streak 5 | . . 5 Combat Bots Only 5 | . . 5 Max Kills in Single Turn 2 | . . 2 Gunslinging 1 | . . 1 Exploded . | . . . Melee . | . . . Uniques/NPCs Destroyed . | . . . Combat | -11 -10 -9 -------- Run | Yrd Mat Mat Hostile Shots Fired 192 | . . 192 Missed 76 | . . 76 Hits 116 | . . 116 Projectile 116 | . . 116 Critical Strikes 2 | . . 2 Damage Taken 1288 | . 41 1247 Core 445 | . 41 404 Absorbed by Shields 86 | . . 86 Core Remaining (%) 91 | 100 83 . Volleys Fired 80 | . . 80 Largest 2 | . . 2 Hottest 80 | . . 80 Shots Fired 121 | . . 121 Gun 121 | . . 121 Cannon . | . . . Launcher . | . . . Special . | . . . Kinetic 34 | . . 34 Thermal 87 | . . 87 Explosive . | . . . Electromagnetic . | . . . Robot Hit Streak 20 | . . 20 Robot Miss Streak 4 | . . 4 Penetration Max . | . . . Secondary Targets 3 | . . 3 Max Gunslinging Chain 1 | . . 1 Shots Hit Robots 87 | . . 87 Core Hits 41 | . . 41 Critical Kills . | . . . Critical Parts Destroyed . | . . . Critical Strikes 1 | . . 1 Burn 1 | . . 1 Melee Attacks 6 | . . 6 Impact 3 | . . 3 Slashing . | . . . Piercing . | . . . Sneak Attacks 3 | . . 3 Combat Hostiles . | . . . Follow-up Attacks . | . . . Damage Inflicted 903 | . . 903 Guns 824 | . . 824 Cannons . | . . . Explosions . | . . . Melee 64 | . . 64 Ramming 15 | . . 15 Kinetic 284 | . . 284 Thermal 540 | . . 540 Explosive . | . . . Electromagnetic . | . . . Impact 64 | . . 64 Slashing . | . . . Piercing . | . . . Highest Corruption . | . . . Average Corruption . | . . . Corruption Purged . | . . . Corruption Blocked . | . . . Overload Shots . | . . . Overflow Damage . | . . . Projectiles . | . . . Explosions . | . . . Melee . | . . . Knockbacks . | . . . Impact . | . . . Kinetic . | . . . Secondary . | . . . Self-Inflicted Damage 4 | . . 4 Shots . | . . . Rammed 5 | . . 5 Targets Rammed 6 | . . 6 Kicked 1 | . . 1 Crushed . | . . . Highest Temperature 229 | . . 229 Average Temperature 60 | . . 60 Received Heat Transfer 321 | . . 321 Siege Activations . | . . . Martial Activations . | . . . Shielding Activations . | . . . Robots Disrupted . | . . . Combat Hostiles . | . . . Robots Corrupted . | . . . Combat Hostiles . | . . . Parts Fried . | . . . Impact Corruptions . | . . . Robots Melted 1 | . . 1 Combat Hostiles 1 | . . 1 Parts Melted 5 | . . 5 Heat Transferred 2023 | . . 2023 Parts Sabotaged . | . . . Parts Stolen . | . . . Parts Stripped . | . . . Power Chain Reactions . | . . . Alert | -11 -10 -9 ------- Run | Yrd Mat Mat Maximum Alert Level 1 | . . 1 Low Security (%) 97 | 100 100 97 Level 1 2 | . . 2 Level 2 . | . . . Level 3 . | . . . Level 4 . | . . . Level 5 . | . . . High Security . | . . . Max Security . | . . . Peak Influence 209 | . . 209 Initial . | . . . Average 88 | . . 93 Influence Increases 535 | . . 535 Destroy 0b10 Robot/C 400 | . . 400 Destroy 0b10 Robot/NC 15 | . . 15 Destroy Leader 90 | . . 90 Lose Combat Pursuer 30 | . . 30 Influence Decreases 412 | . . 412 Time Decay 332 | . . 332 Lost Part 80 | . . 80 Squads Dispatched 3 | . . 3 Investigation 1 | . . 1 Extermination . | . . . Reinforcement 2 | . . 2 Assault . | . . . Garrison . | . . . Intercept . | . . . Searches Triggered . | . . . Construction Impeded . | . . . Haulers Reinforced . | . . . Active Scanning Responses . | . . . Cargo Convoy Interrupts . | . . . Stealth | -11 -10 -9 --------- Run | Yrd Mat Mat Distress Signals 2 | . . 2 Communications Jammed . | . . . Distress Signals . | . . . Times Spotted 33 | . . 33 Peak Tracking Total 6 | . . 6 Tactical Retreats 2 | . . 2 Traps | -11 -10 -9 ------- Run | Yrd Mat Mat Traps Triggered 2 | . 1 1 Indirectly . | . . . Trap Hack Attempts . | . . . Triggered . | . . . Disarmed . | . . . Reprogrammed . | . . . Reused . | . . . Traps Extracted . | . . . Installed . | . . . Triggered . | . . . Machines | -11 -10 -9 ---------- Run | Yrd Mat Mat Machines Disabled . | . . . Max in Single Turn . | . . . Machines Repaired . | . . . Machines Dismantled . | . . . Machines Sabotaged . | . . . Overloaded Fab Kills . | . . . Hacking | -11 -10 -9 --------- Run | Yrd Mat Mat Machines Accessed 1 | . . 1 Terminals . | . . . Fabricators . | . . . Repair Stations 1 | . . 1 Recycling Units . | . . . Scanalyzers . | . . . Garrison Access . | . . . Total Hacks 1 | . . 1 Successful 1 | . . 1 Failed . | . . . Catastrophic . | . . . Database Lockouts . | . . . Manual 3 | . . 3 Terminals . | . . . Fabricators . | . . . Repair Stations 1 | . . 1 Recycling Units . | . . . Scanalyzers . | . . . Garrison Access . | . . . Terminal Hacks . | . . . Fabricator Hacks . | . . . Repair Station Hacks 1 | . . 1 Refit 1 | . . 1 Recycling Unit Hacks . | . . . Scanalyzer . | . . . Garrison Access Hacks . | . . . Unauthorized Hacks . | . . . Terminals . | . . . Fabricators . | . . . Repair Stations . | . . . Recycling Units . | . . . Scanalyzers . | . . . Garrison Access . | . . . Data Cores Recovered . | . . . Used . | . . . Hacking Detections 1 | . . 1 Full Trace Events . | . . . Feedback Events . | . . . Feedback Blocked . | . . . Robot Schematics Acquired . | . . . Robots Built . | . . . Authchips . | . . . Time . | . . . Total Robot Build Rating . | . . . Part Schematics Acquired . | . . . Parts Built . | . . . Authchips . | . . . Time . | . . . Total Part Build Rating . | . . . Parts Repaired . | . . . Time . | . . . Parts Recycled . | . . . Recycled Matter . | . . . Retrieved Matter . | . . . Retrieved Components . | . . . Parts Scanalyzed . | . . . Part Schematics Acquired . | . . . Parts Damaged . | . . . Bothacking | -11 -10 -9 ------------ Run | Yrd Mat Mat Used RIF Installer . | . . . Robots Hacked 2 | . . 2 Non-combat 2 | . . 2 Combat . | . . . Robot Hacks Applied 2 | . . 2 no_distress 2 | . . 2 Relay Couplers Released . | . . . Fabnet Peak Effective % . | . . . Robots Rewired . | . . . Allies Hacked . | . . . Hacks Repelled . | . . . Allies | -11 -10 -9 -------- Run | Yrd Mat Mat Total Allies . | . . . Largest Group . | . . . Highest-Rated Group . | . . . Highest-Rated Ally . | . . . Total Orders . | . . . Ally Attacks . | . . . Total Damage . | . . . Kills . | . . . Allies Corrupted . | . . . Allies Melted . | . . . Intel | -11 -10 -9 ------- Run | Yrd Mat Mat Active Infowar (turns) 338 | . . 338 Optics 338 | . . 338 Robot Analysis Total . | . . . Derelict Logs Recovered . | . . . Drone Launches . | . . . Drone Recoveries . | . . . Exploration | -11 -10 -9 ------------- Run | Yrd Mat Mat Turns Passed 989 | 13 34 942 Spaces Moved 757 | 26 68 663 Core 208 | 26 68 114 Treads 134 | . . 134 Legs 129 | . . 129 Wheels . | . . . Hover 193 | . . 193 Flight 93 | . . 93 Fastest Speed 37 | 50 50 37 Average Speed 91 | 50 50 97 Slowest Speed 160 | 50 50 160 Overloaded Moves . | . . . Propulsion Burnouts . | . . . Robots Hopped 2 | . . 2 Potential Cave-ins . | . . . Cave-ins Triggered . | . . . Exploration Rate (%) 21 | 3 20 41 Regions Visited 2 Branch Regions . Pre-discovered Areas . | . . . Known Exits Taken . | . . . Unknown Exits Taken 2 | 1 1 . Scrap Searched . | . . . Spaces Dug . | . . . Terrain Destroyed . | . . . Melee . | . . . Projectile . | . . . AOE . | . . . Terrain Rammed . | . . . Walls Destroyed . | . . . Machines Disabled . | . . . Actions | -11 -10 -9 --------- Run | Yrd Mat Mat Total 929 | 25 67 837 Wait 4 | . . 4 Move 751 | 25 67 659 Hop 2 | . . 2 Pick Up 9 | . . 9 Fast Attach 31 | . . 31 Attach 3 | . . 3 Detach 14 | . . 14 Swap 1 | . . 1 Drop 22 | . . 22 Fire 80 | . . 80 Melee 6 | . . 6 Ram 5 | . . 5 Kick 1 | . . 1 Crush . | . . . Escape Stasis . | . . . Rewire . | . . . Trap . | . . . Miscellaneous . | . . . Route ------- -11/Scrapyard -10/Materials -9/Materials History --------- Turn | Location | Event 3 | -11/Scrapyard | Discovered new exit (range 15) 14 | -11/Scrapyard | Entered Materials 44 | -10/Materials | Discovered new exit (range 3) 48 | -10/Materials | Entered another Materials area 48 | -9/Materials | Evolved 2 slots: Power x1, Utility x1 496 | -9/Materials | Lost 3 parts (1p1n1w) 680 | -9/Materials | Core integrity fell below 50% 715 | -9/Materials | Core integrity fell below 20% 742 | -9/Materials | Lost 3 parts (1p1n1w) 990 | -9/Materials | Destroyed by Y-45 Defender with Beam Rifle Last Messages --------------- 00889_ R-06 Scavenger inserts Welding Torch into recycling unit. 00894_ Sneak attack on R-06 Scavenger. 00894_ Jacked R-06 Scavenger... >>no_distress Distress signal routine blocked. 00913_ Sneak attack on K-01 Serf. 00913_ Jacked K-01 Serf... >>no_distress Distress signal routine blocked. 00914_ Acquired 12 matter. 00922_ Sneak attack on K-01 Serf. 00922_ Jacked K-01 Serf... >>find_chute No applicable chute records found in memory. 00937_ ALERT: Hostiles spotted, dispatching reinforcements to Terminal M010. 00971_ Dropped Imp. Datajack. 00975_ Acquired Mace. 00975_ Processing Tank disabled. Map ----- +----------------------------------------------------+ | ?????????????????????????????????????????????????? | | ?????????????????????????????????????????????????? | | ?????????????????????????????????????????????????? | | ?????????????????????????????????????????????????? | | ?????????????????????????????????????????????????? | | ?????????????????????????????????????????????????? | | ?????????????????????????????????????????????????? | | ?????????????????????????????????????????????????? | | ?????????????????????????????????????????????????? | | ?????????????###+###?????????????????????????????? | | ????????? ## #?????????????????????????????? | | ????????# ## """ #?????????????????????????????? | | ????????# ## "R" #?????????????????????????????? | | ????????# ## " " #?????????????????????????????? | | ????????# ## #?????????????????????????????? | | ????????# ## #?????????????????????????????? | | ????????# ## """ #?????????????????????########? | | ????????# ## """ #?????????????????????# #? | | ????????# ## """ #?????????????????????#/ #? | | ????????# ## """ #??###????????????????# #? | | ????????# ## #### ###########??????## ###? | | ???????## ##] ## ######### #### | | ######## #####+## """"" # # # | | # # """"" /// # """ # # | | # " + """ "/ / # """ + + | | # # Y@ // # """ # # | | ######## ##### ## # # #### | | ???????## ##???#+######################## ## | | ????????# #????# ################## # | | ????????# #????# # % # | | ????????# #????# # + | | ????????# #????# # * % # | | ????????# #????# + ########[ ### # " | | ???????## ##???# # #????###=% #?## ## " | | ######## ############ #??? # %#??# ## | | # #?? # #??# #### | | "" # T #? # #??# #### | | ""S # # # #??# | | "" # ############ # # #??# ! | | ###+######???????# + """ ?# #??# ! | | """ # #???????# #??????# ########### | | """ # """"" #???????# #??????# # #??? | | """ # """"" #??????## ##?????# # """ #### | | # """"" #??????# ####### # """ # | | ##+##### """"" #??????# # """ # | | + """""????????# T / # | | ##### """""????????# # """ # | | ####???# """""????????# ####### # """ # | | ???????# ???????####+#####???# # *""" # | | ???????##############?# #???# # / | +----------------------------------------------------+ Best States ------------- Heat Dissipation 28 Energy Generation 19 Energy Capacity 185 Matter Stores 300 Matter Capacity 300 Sight Range 18 Terrain Scan Density 235 Armor Coverage 160 Evasion (%) 62 Recoil Reduction 1 Defensive Hacking 10 Item Schematics ----------------- None Robot Schematics ------------------ None Fabricated ------------ Nothing Repaired ---------- Nothing Alien Tech Used ----------------- None Achievements -------------- None Challenges ------------ None Game ------ Seed ConstructContainmentWarhead Manual? 0 Play Time 00:10:18 Cumulative 24.7 hours Start 2025.10.04 @ 04:14:08 End 2025.10.09 @ 03:49:39 Sessions 1 Manual Loads 0 Difficulty Rogue Special Mode None Game No. 87 Rogue 87 Adventurer 0 Explorer 0 Win Type - Total 0 Types 0/0/0/0/0/0/0/0/0/0 Lore% 10 Gallery% 27 Achievement% 25 Wizard Run 0 Options --------- Layout 1 ASCII 0 Keyboard 1 Movement Vi Keybinds 0 Fullscreen 1 Font 16/SmallcapsGlow Map View 55x38 Zoom Use 15% Tactical HUD 1 Map Filters NONE Filters NONE Steam 1 RUN: b25a0681-0530-4b5a-9892-31fb82a43bfd